 Dungeon Crawl Stone Soup version 0.31.0-7-gf635a9b802 (webtiles) character file.

Game seed: 13455138573031856099

5501 night the Destroyer (level 10, -3/66 HPs)
             Began as a Gargoyle Conjurer on Jan 23, 2024.
             Killed from afar by a gargoyle (27 damage)
             ... with a stone arrow
             ... on level 7 of the Dungeon.
             The game lasted 00:30:47 (10720 turns).

night the Destroyer (Gargoyle Conjurer)            Turns: 10720, Time: 00:30:48

Health: -3/66      AC: 15    Str: 10    XL:     10   Next: 70%
Magic:  3/21       EV: 11    Int: 24    God:
Gold:   236        SH:  4    Dex:  8    Spells: 13/24 levels left

rFire   . . .        a - +4 trident (drain)
rCold   . . .        A - +0 buckler
rNeg    + . .        E - +2 robe {Will+}
rPois   ∞            v - +0 helmet
rElec   +            g - +2 cloak {Stlth+}
rCorr   .            (no gloves)
SInv    .            (no boots)
Will    +....        (no amulet)
Stlth   +++          k - ring of wizardry
HPRegen 0.31/turn    (no ring)
MPRegen 0.17/turn

%: wizardry (x1)
@: studying Unarmed Combat
A: sickness immunity, AC +7, negative energy resistance 1, electricity
resistance, torment resistance 1, petrification resistance
a: no special abilities


You were on level 7 of the Dungeon.
You visited 2 branches of the dungeon, and saw 9 of its levels.

You collected 444 gold pieces.
You spent 208 gold pieces at shops.

Inventory:

Hand Weapons
 a - a +4 trident of draining (weapon)
 f - a +0 mace
 p - a +1 short sword of venom
Missiles
 c - 89 stones
 o - 4 darts of dispersal
 B - 2 throwing nets
 H - a curare-tipped dart
 I - 7 poisoned darts
Armour
 g - a +2 cloak of stealth (worn)
 v - a +0 helmet (worn)
 y - a +0 kite shield
 A - a +0 buckler (worn)
 E - a +2 robe of willpower (worn)
Jewellery
 k - a ring of wizardry (left hand)
 J - an amulet of regeneration
Wands
 D - a wand of quicksilver (7)
Scrolls
 d - a scroll of enchant armour
 i - 3 scrolls of identify
 l - 3 scrolls of fog
 r - 2 scrolls of blinking
 t - a scroll of butterflies
 u - 2 scrolls of poison
 x - a scroll of brand weapon
 C - a scroll of vulnerability
 F - a scroll of fear
Potions
 b - a potion of magic
 e - 2 potions of haste
 h - a potion of berserk rage {unknown}
 j - a potion of attraction {unknown}
 m - 2 potions of ambrosia
 n - a potion of enlightenment {unknown}
 q - a potion of heal wounds
 s - a potion of curing
 w - a potion of might {unknown}
 z - 2 potions of experience
 G - a potion of brilliance {unknown}
 K - 2 potions of degeneration {unknown}


   Skills:
 + Level 9.1 Fighting
 - Level 1.5 Dodging
 - Level 2.1 Stealth
 + Level 5.3 Shields
 + Level 7.9 Spellcasting
 + Level 10.2 Conjurations
 + Level 1.6 Translocations
 + Level 1.4 Alchemy


You had 13 spell levels left.
You knew the following spells:

 Your Spells              Type           Power      Damage    Failure   Level
a - Magic Dart            Conj           100%       1d8       1%          1
b - Searing Ray           Conj           100%       2d8       1%          2
c - Iskenderun's Mystic   Conj/Tloc      38%        2d9       3%          4
f - Fulminant Prism       Conj/Alch      18%        3d10      3%          4

Your spell library contained the following spells:

 Spells                   Type           Power      Damage    Failure   Level
 Blink                    Tloc           34%        N/A       2%          2
 Call Imp                 Summ           18%        N/A       6%          2
 Ozocubu's Armour         Ice            9%         N/A       12%         3
 Tukima's Dance           Hex            9%         N/A       12%         3
 Passage of Golubria      Tloc           17%        N/A       19%         4
 Yara's Violent Unravell  Hex/Alch       6%         3d5       56%         5
 Metabolic Englaciation   Hex/Ice        4%         N/A       67%         5
 Sculpt Simulacrum        Ice/Alch       6%         N/A       98%         6


Dungeon Overview and Level Annotations

Branches:
Dungeon (8/15)             Temple (1/1) D:5
   Lair: D:8-11

Altars:
Ashenzari
Cheibriados
Elyvilon
Fedhas
Gozag
Hepliaklqana
Makhleb
Okawaru
Ru
Sif Muna
Trog
Uskayaw
Wu Jian
Xom
Yredelemnul

Shops:
D:4 *   D:6 [

Annotations:
D:3 3 runed translucent doors, NitroKuite's ghost, weakling SpBr
D:5 2 transporters


Innate Abilities, Weirdness & Mutations

You are immune to sickness and miasma.
Your stone body is resilient. (AC +7)
You are immune to poison.
You resist negative energy. (rN+)
You are resistant to electric shocks. (rElec)
You are resistant to unholy torment.
You are immune to petrification.


Message History

The gnoll sergeant is knocked back by the mystic blast.
Unknown command.
Casting: Iskenderun's Mystic Blast (dangerous; 3% risk of failure)
Confirm with . or Enter, or press ? or * to list all spells.
You erupt in a blast of force!
The mystic blast hits the yak!
The yak is moderately wounded.
The yak is knocked back by the mystic blast.
The mystic blast hits the gargoyle but does no damage.
The gargoyle is lightly damaged.
Unknown command.
The gargoyle hits you with a +0 flail!
The gnoll sergeant hits you from afar with a +0 spear!
You climb upwards.
There is a stone staircase leading down here.
The gargoyle attacks as it pursues you! The gargoyle closely misses you.
You hit the gargoyle.
The gargoyle is moderately damaged.
The gargoyle hits you but does no damage.
You barely miss the gargoyle.
The gargoyle is moderately damaged.
The gargoyle hits you with a +0 flail!
The gargoyle hurls a stone arrow at you.
The stone arrow hits you.
You hit the gargoyle but do no damage.
The gargoyle is lightly damaged.
The gargoyle hurls a stone arrow at you.
The stone arrow hits you!
* * * LOW HITPOINT WARNING * * *
You hit the gargoyle but do no damage.
The gargoyle is lightly damaged.
The gargoyle hits you but does no damage.
The gargoyle hurls a stone arrow at you.
The stone arrow misses you.
You hit the gargoyle but do no damage.
The gargoyle is lightly damaged.
The gargoyle barely misses you.
You feel better.
The gargoyle hurls a stone arrow at you.
The stone arrow hits you!!
You die...

### #.# #.####.# #.#
###..##... #.####.........
#.##...##.##... ############
####.##.####.###.#
...........# #.......# #.#
#.# ##########.# #.##.#..#
#.# #%. # #.# #.##....# ##.#
#.# # ##.## #@##.#.## #..#
#.# # #######...####9##.#.#
#.## #.#
###[......#...........#
#.####.#
..))..###...#.#..##.#.#
#......#
###)..####.##.#..##.#.##
#.######
###...........#>.......# #.#
# ...........#..#........#
#.# #
###..####..............###.#
# #..# ####...............#
#


You could see a gargoyle.

Vanquished Creatures
  Pikel (D:5)
  Jeremiah (D:7)
  Maggie (D:8)
  Grinder (D:4)
  A yak (D:7)
  2 vampire mosquitoes (D:6)
  A water moccasin (D:8)
  3 sky beasts
  4 ogres
  An ice beast (D:5)
  5 centaurs
  A lemure (D:5)
  A kobold brigand (D:7)
  A phantom (D:6)
  Blork the orc (D:4)
  2 gnoll sergeants
  4 scorpions
  11 wights
  A killer bee (D:5)
  A howler monkey (D:4)
  6 hounds
  2 bombardier beetles
  7 jellies
  Crazy Yiuf (D:4)
  6 orc priests
  A gnoll bouda (D:6)
  3 iron imps (D:3)
  2 iguanas
  Natasha (thrice) (D:2)
  Robin (D:4)
  28 gnolls
  7 adders
  A shadow imp (D:6)
  2 white imps (D:5)
  3 dart slugs
  4 ribbon worms
  11 orcs
  3 bats
  5 endoplasms
  2 giant cockroaches
  16 goblins
  8 hobgoblins
  8 jackals (D:4)
  9 kobolds
  2 quokkas (D:4)
  4 ball pythons
  5 frilled lizards
  6 rats
  A fulminant prism (D:6)
201 creatures vanquished.

Vanquished Creatures (others)
  A sky beast (D:7)
  50 fulminant prisms
51 creatures vanquished.

Grand Total: 252 creatures vanquished

Notes
Turn   | Place    | Note
-------+----------+-------------------------------------------
     0 | D:1      | night the Gargoyle Conjurer began the quest for the Orb.
     0 | D:1      | Reached XP level 1. HP: 10/10 MP: 3/3
   318 | D:1      | Reached XP level 2. HP: 16/16 MP: 3/5
   509 | D:1      | Reached skill level 1 in Fighting
  1031 | D:1      | Learned a level 2 spell: Searing Ray
  1705 | D:2      | Reached XP level 3. HP: 17/20 MP: 3/6
  2032 | D:2      | Noticed Natasha
  2037 | D:2      | Killed Natasha
  2038 | D:2      | Reached skill level 2 in Fighting
  2038 | D:2      | Reached skill level 5 in Conjurations
  2038 | D:2      | Reached XP level 4. HP: 24/26 MP: 0/8
  2227 | D:2      | Noticed Natasha
  2234 | D:2      | Killed Natasha
  2240 | D:2      | Noticed Natasha
  2247 | D:2      | Killed Natasha
  2248 | D:2      | Reached XP level 5. HP: 9/31 MP: 0/9
  2416 | D:2      | Found a sacrificial altar of Ru.
  3052 | D:3      | Found a snail-covered altar of Cheibriados.
  3232 | D:3      | Found a runed translucent gate.
  3232 | D:3      | Found a runed translucent gate.
  3232 | D:3      | Found a runed translucent gate.
  3237 | D:3      | Noticed NitroKuite's ghost (weakling SpBr)
  3240 | D:3      | Identified the +5 chain mail of the Solstice {rN+}
  3430 | D:3      | Found a burning altar of Makhleb.
  3441 | D:3      | Reached XP level 6. HP: 37/37 MP: 0/11
  3965 | D:4      | Learned a level 4 spell: Iskenderun's Mystic Blast
  3970 | D:4      | Learned a level 4 spell: Fulminant Prism
  4068 | D:4      | Reached skill level 6 in Conjurations
  4220 | D:4      | Found Kiacwinn's General Store.
  4233 | D:4      | Bought a scroll of blinking for 82 gold pieces
  4233 | D:4      | Bought a potion of curing for 33 gold pieces
  4233 | D:4      | Bought a scroll of fog for 44 gold pieces
  4264 | D:4      | Found a basalt altar of Yredelemnul.
  4607 | D:4      | Noticed Grinder
  4674 | D:4      | Paralysed by Grinder for 4 turns
  4681 | D:4      | Killed Grinder
  4682 | D:4      | Reached XP level 7. HP: 26/44 MP: 1/13
  5028 | D:4      | Noticed Blork the orc
  5038 | D:4      | Killed Blork the orc
  5129 | D:4      | Found a shimmering blue altar of Sif Muna.
  5245 | D:4      | Found a runed translucent door.
  5246 | D:4      | Noticed Crazy Yiuf
  5271 | D:4      | Noticed Robin
  5316 | D:4      | Killed Robin
  5317 | D:4      | Reached skill level 5 in Fighting
  5320 | D:4      | Killed Crazy Yiuf
  5609 | D:5      | Entered Level 5 of the Dungeon
  5649 | D:5      | Reached skill level 7 in Conjurations
  5649 | D:5      | Reached XP level 8. HP: 41/50 MP: 7/15
  5718 | D:5      | Found a staircase to the Ecumenical Temple.
  5761 | D:5      | Noticed a yak
  5762 | D:5      | Found a bloodstained altar of Trog.
  5773 | Temple   | Entered the Ecumenical Temple
  5817 | D:5      | Found a transporter.
  5832 | D:5      | Found a transporter.
  5859 | D:5      | Reached skill level 5 in Spellcasting
  6251 | D:5      | Noticed Pikel
  6265 | D:5      | Killed Pikel
  6266 | D:5      | Reached skill level 8 in Conjurations
  6266 | D:5      | Reached XP level 9. HP: 52/57 MP: 2/18
  6665 | D:5      | Found a hide-covered altar of Uskayaw.
  7078 | D:6      | Found Qehusocs's Armour Shop.
  7145 | D:6      | Bought a +0 buckler for 49 gold pieces
  7261 | D:6      | Reached skill level 1 in Shields
  7669 | D:6      | Reached skill level 2 in Shields
  7672 | D:6      | Reached skill level 9 in Conjurations
  7996 | D:6      | Found a hazy altar of Hepliaklqana.
  8102 | D:6      | Found a broken altar of Ashenzari.
  8297 | D:7      | Noticed Jeremiah
  8381 | D:7      | Killed Jeremiah
  8758 | D:7      | Reached XP level 10. HP: 52/64 MP: 4/20
  9390 | D:7      | Reached skill level 10 in Conjurations
  9995 | D:8      | Noticed a two-headed ogre
 10145 | D:8      | Noticed a two-headed ogre
 10263 | D:8      | Noticed Maggie
 10277 | D:8      | Killed Maggie
 10278 | D:8      | Reached skill level 5 in Shields
 10278 | D:8      | Reached skill level 1 in Translocations
 10278 | D:8      | Reached skill level 1 in Alchemy
 10278 | D:8      | HP: 8/66 [centaur/arrow (8)]
 10591 | D:8      | Noticed a gargoyle
 10720 | D:7      | Killed from afar by a gargoyle

Illustrated notes

Levels and vault maps discovered:
D:1:      dpeg_arrival_subterranean_lakeside_camping, layout_basic,
          chequers_serial_rivers_large_a, nicolae_titane
D:2:      minmay_evil_eye, layout_loops_corners, basic_altar, uniq_natasha
D:3:      layout_rooms, amcnicky_altar_gilded, demons_altar,
          biasface_ghost_orc_armoury
D:4:      layout_basic, tgw_sif, yredelemnul_altar_generic, serial_shops, shop,
          cheibrodos_sewer_entry_bend, uniq_crazy_yiuf_cottage, uniq_grinder,
          uniq_robin
D:5:      layout_loops_ring, gammafunk_temple_overflow_arena,
          nicolae_overflow_hidden_temple, minmay_temple_entry_arrows,
          chequers_serial_rivers_micro_a, minmay_manual_maat, uniq_pikel
D:6:      layout_loops_ring, nicolae_hepliaklqana_hippocampus,
          mainiacjoe_overflow_alcove_2, serial_shops, shop_statue
D:7:      minmay_octagon_keep, layout_loops_ring, uniq_jeremiah
D:8:      minmay_general_purpose_star, layout_basic,
          nicolae_dithmenos_the_darkroom, vehumet_crystals, enter_bailey_5,
          minmay_diced_spiral, uniq_maggie
Temple:   nicolae_temple_great_sept

Skill      XL: |  1  2  3  4  5  6  7  8  9 10 |
---------------+-------------------------------+-----
Fighting       | 1 2 3 4 5 7 8 9 |  9.1
Conjurations   | 5 6 7 8 9 10 | 10.2
Spellcasting   | 3 4 6 7 |  7.9
Shields        | 3 5 |  5.3
Translocations | 1 |  1.6
Alchemy        | 1 |  1.4
Dodging        | |  1.5
Stealth        | |  2.1

Action                     |  1- 3 |  4- 6 |  7- 9 | 10-12 || total
---------------------------+-------+-------+-------+-------++-------
  Melee: Unarmed           |     6 |       |       |       ||     6
         Mace              |    16 |    16 |       |       ||    32
         Short sword       |       |    29 |   207 |    12 ||   248
         Punch             |       |       |     2 |       ||     2
         Trident           |       |       |       |    93 ||    93
   Cast: Magic Dart        |    47 |    52 |    22 |    18 ||   139
         Searing Ray       |     5 |    12 |    12 |     1 ||    30
         Fulminant Prism   |       |     4 |    27 |    20 ||    51
         Iskenderun's Myst |       |     1 |    16 |     9 ||    26
  Evoke: Wand              |       |       |       |     1 ||     1
    Use: Potion            |       |     4 |       |     2 ||     6
         Scroll            |       |     2 |       |     7 ||     9
   Stab: Sleeping          |       |       |     4 |       ||     4
 Armour: Robe              |    22 |    55 |   155 |   133 ||   365
  Dodge: Dodged            |    18 |    50 |   134 |    81 ||   283
  Block: Buckler           |       |       |    15 |    27 ||    42
